Map: Orbital Shipyard

Players

Scam

  • Race: Terran Terran
  • League: Diamond

Zergathul - Winner!

  • Race: Zerg Zerg
  • League: Diamond

VOD

Have the link to the VOD?

Description

Time

  • Played on: Feb. 3, 2016, 3:37 a.m.
  • Length: 20:22
Show
View Real Time Build Order
Export as new Build Order

Scam Terran 

Build Orders: MMM Bio 

Get SALT Encoding   

  12  0:01  SCV  
  13  0:13  SCV  
  14  0:17  Supply Depot  
  14  0:25  SCV  
  15  0:29  Refinery  
  15  0:39  SCV  
  16  0:47  Barracks  
  16  0:51  SCV  
  17  1:03  SCV  
  18  1:15  SCV  
  19  1:34  Barracks Reactor, Orbital Command  
  19  1:44  Command Center  
  19  2:00  SCV  
  20  2:06  Factory  
  20  2:10  Marine x2  
  20  2:14  SCV  
  20  2:15  Refinery  
  23  2:23  Supply Depot  
  23  2:33  SCV  
  23  2:44  Marine x2  
  23  2:46  SCV  
  26  2:51  Starport  
  26  2:52  Factory Tech Lab  
  26  2:58  Orbital Command, SCV  
  27  3:02  Marine  
  27  3:04  Marine  
  29  3:10  SCV  
  30  3:15  Siege Tank  
  33  3:20  Marine  
  33  3:22  Marine  
  33  3:24  SCV  
  36  3:27  SCV  
  36  3:30  Starport Reactor  
  37  3:34  Supply Depot  
  37  3:37  SCV  
  37  3:38  Marine  
  37  3:41  Marine  
  40  3:44  SCV  
  41  3:49  SCV  
  41  3:52  Siege Tank  
  45  3:57  SCV  
  45  4:01  Marine x2, SCV  
  49  4:04  Supply Depot  
  49  4:09  SCV  
  50  4:13  SCV  
  50  4:14  Medivac  
  53  4:19  Marine  
  54  4:26  Medivac, Marine, Supply Depot, SCV x2  
  59  4:36  Marine  
  62  4:38  SCV x2  
  62  4:48  Marine, Siege Tank  
  66  4:54  Marine, SCV  
  66  4:55  SCV  
  66  4:56  Command Center  
  69  5:07  Engineering Bay x2  
  69  5:10  Refinery, SCV  
  69  5:11  Refinery  
  70  5:14  Medivac  
  70  5:15  SCV  
  70  5:16  Supply Depot  
  73  5:31  Barracks  
  73  5:32  Barracks  
  73  5:34  Barracks  
  56  5:56  SCV x2  
  58  5:57  Terran Infantry Armor Level 1, Terran Infantry Weapons Level 1  
  58  6:08  Orbital Command, SCV  
  58  6:09  Marine x2  
  61  6:12  Siege Tank  
  61  6:14  Medivac  
  66  6:22  Barracks Tech Lab  
  66  6:23  Barracks Reactor, Orbital Command  
  66  6:24  Barracks Reactor  
  66  6:27  SCV x2  
  68  6:37  Marine x2  
  68  6:39  SCV x2  
  72  6:48  Supply Depot  
  72  6:49  Missile Turret, Armory, Supply Depot  
  72  6:50  Supply Depot  
  72  6:51  Missile Turret, SCV  
  72  6:52  Supply Depot  
  73  6:59  Stimpack  
  73  7:05  Missile Turret x2  
  73  7:07  Missile Turret  
  73  7:15  SCV  
  73  7:16  SCV x2  
  73  7:20  Marine x2  
  73  7:21  Marine x3  
  73  7:22  Missile Turret, Marine  
  82  7:28  SCV x3  
  85  7:31  Missile Turret  
  85  7:37  Missile Turret  
  85  7:39  Medivac x2  
  85  7:42  Terran Vehicle Weapons Level 1  
  89  7:44  SCV x2  
  89  7:45  SCV  
  89  7:47  Missile Turret  
  92  7:53  Missile Turret, Terran Infantry Weapons Level 2  
  92  7:55  Terran Infantry Armor Level 2  
  92  7:56  SCV x2  
  92  7:57  SCV  
  95  8:07  Missile Turret, Marine x3  
  95  8:08  Marine x2  
  95  8:10  Liberator  
  100  8:15  Factory  
  100  8:17  Missile Turret, Supply Depot  
  100  8:21  SCV x3  
  100  8:23  Missile Turret  
  100  8:24  Siege Tank  
  100  8:25  Marine x3  
  100  8:26  Liberator  
  109  8:33  SCV x3  
  115  8:39  Refinery  
  115  8:40  Supply Depot  
  115  8:44  Marine  
  115  8:45  Marauder, Marine x3  
  124  8:50  Barracks  
  124  8:55  Barracks  
  124  8:59  Combat Shields  
  124  9:02  Marine  
  122  9:03  Marine x3  
  122  9:05  Factory Tech Lab  
  122  9:06  Marine  
  127  9:18  Liberator x2  
  127  9:24  Sensor Tower  
  127  9:27  Supply Depot  
  127  9:29  Missile Turret  
  127  9:31  Missile Turret  
  127  9:32  Refinery  
  127  9:37  Marine x5  
  138  9:40  Marine  
  138  9:41  Marine  
  139  9:55  Marine x5  
  139  9:58  Marine  
  139  9:59  Marine  
  146  10:01  Siege Tank  
  146  10:06  Supply Depot  
  149  10:10  Supply Depot  
  149  10:11  Supply Depot, Siege Tank  
  149  10:12  Marine  
  149  10:13  Marine x3  
  156  10:15  Marine x3  
  156  10:16  Marine  
  160  10:21  Terran Infantry Weapons Level 3  
  160  10:30  Marine x2  
  160  10:31  Marine  
  164  10:35  Barracks Reactor  
  164  10:36  Barracks Tech Lab  
  164  10:41  Marine x3  
  164  10:42  Terran Infantry Armor Level 3, Marine  
  167  10:49  Command Center x2  
  167  11:06  Marauder, Marine x4  
  173  11:17  Marauder, Marine x2  
  177  11:28  Marauder  
  118  11:42  Marauder, Marine x8  
  118  11:43  Siege Tank x2  
  124  11:49  Marine  
  125  11:59  Marine, Liberator  
  125  12:00  Marine x7  
  133  12:03  Marauder  
  133  12:07  Marauder  
  137  12:15  Siege Tank x2  
  137  12:17  Marine x2  
  137  12:18  Marine x2  
  150  12:25  Marauder  
  150  12:28  Marauder  
  154  12:37  Marine x8  
  161  12:46  Marauder  
  161  12:47  Siege Tank  
  161  12:48  Siege Tank  
  161  12:50  Marauder  
  171  12:54  Marine  
  171  12:55  Marine x7  
  179  13:01  Orbital Command  
  179  13:07  Marine  
  179  13:11  Marine  
  179  13:12  Marine x2  
  181  13:13  Marine x4  
  190  13:20  Siege Tank x2  
  190  13:22  Missile Turret  
  190  13:25  Marauder  
  190  13:26  Marine  
  196  13:27  Marine  
  196  13:29  Marauder  
  196  13:33  Marine  
  152  14:14  Marine  
  152  14:15  Marauder  
  94  14:32  Marauder, Marine x4  
  94  14:34  Siege Tank x2  
  100  14:47  Marauder, Marine x2  
  100  14:50  Missile Turret  
  100  14:51  Planetary Fortress  
  103  14:53  Marauder  
  103  14:54  Marine x4  
  103  14:55  Concussive Shells  
  103  14:57  Liberator  
  103  14:58  SCV x3  
  112  15:04  SCV  
  112  15:06  Siege Tank  
  112  15:07  Marine, Siege Tank  
  119  15:08  Marauder, Marine  
  119  15:10  SCV x3  
  119  15:12  Marine x2  
  128  15:15  Marauder  
  133  15:29  SCV x3  
  133  15:30  Marauder  
  138  15:36  Marauder  
  138  15:38  Siege Tank  
  138  15:39  Siege Tank  
  138  15:41  SCV x2  
  148  15:51  Marauder  
  150  15:58  Marauder  
  152  16:10  Missile Turret, Siege Tank  
  152  16:11  Orbital Command, Siege Tank  
  158  16:12  Missile Turret x2  
  158  16:26  SCV x3  
  161  16:38  SCV x2  
  158  16:40  Supply Depot  
  158  16:46  Marine  
  158  16:47  Marauder x2, Marine  
  162  16:48  Marine x6  
  162  16:49  Siege Tank x2  
  169  17:02  Supply Depot  
  169  17:04  Marine  
  169  17:05  Marine x4  
  169  17:06  Marine x2  
  169  17:08  Marauder x2  
  177  17:16  Marine  
  177  17:21  Siege Tank  
  181  17:25  Supply Depot  
  181  17:26  Marine x3  
  181  17:29  Marauder  
  187  17:30  Marauder  
  187  17:32  Orbital Command  
  187  17:35  Marine  
  187  17:36  Marine x4  
  195  17:37  Siege Tank  
  193  17:44  Marine x3  
  193  17:51  Marauder x2  
  200  17:55  Supply Depot  
  200  17:57  Supply Depot  
  200  18:33  Refinery  
  200  18:34  Refinery  
  120  18:42  Marine  
  120  18:43  Marauder, Marine x5  
  120  18:44  Marauder, Marine  
  120  18:46  Marine  
  124  19:00  Marine  
  124  19:01  Marine x6  
  131  19:04  Marauder, Marine  
  131  19:05  Marine  
  130  19:18  Marine  
  130  19:19  Marine x3, Siege Tank x2  
  130  19:23  Marauder  
  142  19:26  Marauder  
  142  19:28  Marine x2  
  146  19:44  Marauder  
  148  19:47  Marauder  
  150  19:55  Marine x2  
Show
View Real Time Build Order
Export as new Build Order

Zergathul Zerg - Winner!

Build Orders: Hatch First, Muta Ling Bane 

Get SALT Encoding   

  12  0:01  Drone  
  13  0:13  Overlord  
  13  0:21  Drone  
  14  0:31  Drone x2  
  16  0:35  Drone  
  17  0:53  Hatchery  
  17  0:56  Drone  
  17  1:00  Extractor  
  16  1:12  Spawning Pool  
  16  1:16  Drone  
  16  1:18  Drone  
  17  1:26  Overlord  
  17  1:30  Drone  
  18  1:46  Drone  
  19  1:50  Drone  
  20  1:59  Queen  
  22  2:07  Queen, Metabolic Boost  
  24  2:09  Zergling x2  
  24  2:12  Zergling x2  
  26  2:16  Drone  
  26  2:19  Drone  
  28  2:23  Drone  
  28  2:28  Drone  
  30  2:37  Queen, Drone  
  30  2:43  Overlord  
  33  2:46  Drone  
  34  2:57  Overlord  
  34  2:58  Drone  
  34  2:59  Drone  
  36  3:11  Drone x3  
  39  3:13  Hatchery  
  39  3:14  Drone  
  39  3:19  Drone  
  40  3:20  Extractor  
  40  3:22  Drone x3  
  42  3:35  Overlord  
  42  3:39  Drone  
  43  3:43  Drone x3  
  43  3:46  Drone x2  
  43  3:48  Drone  
  49  3:52  Baneling Nest  
  48  4:03  Drone  
  48  4:04  Drone x2  
  48  4:05  Extractor  
  50  4:10  Spore Crawler  
  50  4:12  Spore Crawler  
  48  4:19  Drone x2  
  48  4:20  Lair  
  48  4:21  Spore Crawler  
  48  4:22  Drone x3  
  48  4:23  Extractor  
  48  4:24  Drone  
  52  4:25  Drone x3  
  52  4:30  Overlord  
  55  4:38  Zergling x2  
  56  4:47  Zergling x4  
  56  4:49  Queen  
  56  4:50  Overlord x2  
  60  4:54  Zergling x2  
  60  4:59  Baneling  
  60  5:00  Baneling x2  
  60  5:01  Zergling x10  
  60  5:06  Baneling x4  
  65  5:12  Zergling x4  
  56  5:48  Zergling x6  
  56  5:49  Zergling x8  
  63  5:53  Spire, Centrifical Hooks  
  63  5:54  Evolution Chamber  
  63  5:56  Drone  
  62  5:57  Evolution Chamber, Drone x3  
  62  5:58  Drone x3  
  67  6:06  Drone  
  67  6:08  Overseer  
  68  6:14  Drone x2  
  68  6:16  Extractor  
  69  6:18  Extractor  
  69  6:20  Zergling x6  
  71  6:28  Drone x2  
  71  6:29  Drone  
  71  6:31  Overlord x3  
  74  6:38  Zerg Melee Weapons Level 1, Zerg Ground Armor Level 1  
  74  6:53  Drone x7  
  74  6:54  Drone x5  
  86  7:02  Overlord x2  
  86  7:08  Drone  
  87  7:09  Hatchery  
  87  7:10  Hatchery  
  85  7:22  Mutalisk  
  85  7:23  Zerg Flyer Weapons Level 1, Mutalisk x5  
  85  7:25  Pneumatized Carapace, Overseer  
  85  7:27  Drone  
  98  7:50  Mutalisk x3  
  98  7:51  Mutalisk x5  
  114  8:02  Overlord x3  
  114  8:03  Hatchery  
  113  8:13  Drone  
  114  8:27  Drone x2, Spore Crawler  
  114  8:28  Overlord  
  114  8:29  Spine Crawler  
  114  8:31  Spine Crawler  
  113  8:36  Zerg Melee Weapons Level 2, Zerg Ground Armor Level 2  
  113  8:40  Infestation Pit  
  113  8:41  Zergling x24  
  113  8:43  Baneling x7  
  113  8:44  Baneling x2  
  113  8:46  Overlord  
  122  9:00  Overlord x4  
  122  9:03  Zergling x28  
  134  9:11  Drone  
  134  9:14  Drone x3  
  134  9:15  Drone  
  139  9:18  Spore Crawler  
  138  9:44  Hive  
  136  9:48  Baneling x5  
  136  9:49  Baneling x2  
  136  9:52  Hatchery  
  135  9:59  Burrow  
  135  10:00  Drone  
  135  10:01  Drone x2  
  135  10:02  Drone x3  
  135  10:03  Baneling  
  135  10:04  Zergling x2, Baneling x4  
  135  10:05  Zergling x42  
  135  10:06  Extractor, Zergling x4  
  164  10:10  Extractor  
  163  10:37  Overlord x3  
  163  10:38  Zerg Flyer Weapons Level 2  
  162  11:06  Adrenal Glands, Ultralisk Cavern  
  162  11:07  Zerg Melee Weapons Level 3, Zerg Ground Armor Level 3  
  162  11:09  Baneling  
  162  11:10  Baneling x13  
  161  11:13  Baneling x3  
  161  11:14  Overseer x2  
  161  11:15  Overseer  
  104  11:42  Zergling x2  
  104  11:43  Zergling x46  
  104  11:44  Zergling x16  
  119  11:53  Chitinous Plating  
  117  11:55  Ultralisk x3  
  135  12:11  Baneling x4  
  135  12:12  Ultralisk x2, Baneling x4  
  135  12:14  Zergling x4  
  135  12:15  Zergling x2  
  150  12:17  Baneling  
  150  12:18  Baneling x6  
  150  12:26  Extractor  
  149  12:30  Extractor, Baneling x7  
  149  12:31  Baneling x11  
  149  12:34  Baneling x2  
  142  13:02  Ultralisk x2  
  154  13:17  Overlord x2  
  154  13:18  Mutalisk x5  
  164  13:26  Zergling x4  
  164  13:27  Zergling x6  
  168  13:49  Hatchery  
  134  14:10  Ultralisk x3  
  121  14:23  Zergling x26  
  119  14:24  Zergling x2  
  113  14:51  Zergling x2  
  113  14:52  Zergling x32  
  124  14:54  Baneling x2  
  124  14:55  Baneling x5  
  124  15:09  Drone x3  
  124  15:10  Drone x2  
  124  15:12  Baneling x6  
  129  15:16  Baneling  
  129  15:17  Baneling x5  
  129  15:22  Spine Crawler  
  129  15:23  Spine Crawler  
  127  15:37  Ultralisk x2  
  127  15:39  Zergling x8  
  142  16:12  Greater Spire  
  142  16:15  Hatchery  
  141  16:20  Zergling x16  
  141  16:21  Zergling x26  
  141  16:24  Baneling  
  141  16:25  Baneling x11  
  162  16:26  Baneling  
  159  16:57  Corruptor  
  159  16:58  Corruptor x7  
  168  17:39  Brood Lord x2  
  168  17:40  Brood Lord x6  
  184  17:51  Zergling x2  
  184  17:52  Zergling x28  
  184  17:57  Spore Crawler  
  198  17:59  Spine Crawler  
  198  18:00  Spine Crawler  
  198  18:01  Drone x2  
  198  18:08  Baneling x5  
  198  18:09  Baneling x9  
  198  18:26  Corruptor, Hatchery  
  198  18:27  Corruptor  
  133  18:52  Zergling x16  
  133  18:53  Zergling x14  
  140  19:06  Corruptor, Overlord  
  140  19:07  Corruptor x7  
  150  19:37  Corruptor x5  
  160  19:45  Hatchery  
  160  19:48  Baneling x3  
  160  19:49  Baneling x7  
Tags
 
Add a new tag
Caveats
  • Supply blocks, unpowered buildings, or Contaminate may cause inaccurate times.
  • Supply counts are checked every 10 seconds.